 Dungeon Crawl Stone Soup version 0.28-a0-773-g130ae17fe5 (webtiles) character file.

Game seed: 11177133975912080000

5 ytrimaz the Ducker (level 1, -5/16 HPs)
             Began as a Demonspawn Gladiator on Nov 1, 2021.
             Engulfed by a cloud of flame (21 damage)
             ... on level 1 of the Dungeon.
             The game lasted 00:00:26 (395 turns).

ytrimaz the Ducker (Demonspawn Gladiator)            Turns: 395, Time: 00:00:27

Health: -5/16      AC:  4    Str: 14    XL:     1   Next: 66%
Magic:  1/1        EV: 12    Int:  9    God:
Gold:   20         SH:  0    Dex: 14    Spells: 0/0 levels left

rFire   . . .      SeeInvis .   a - +0 rapier
rCold   . . .      Faith    .   (no shield)
rNeg    . . .      Spirit   .   b - +0 leather armour
rPois   .          Reflect  .   c - +0 helmet
rElec   .          Harm     .   (no cloak)
rCorr   .          Rampage  .   (no gloves)
Will    .....                   (no boots)
Stlth   +.........              (no amulet)
HPRegen 0.05/turn               (no ring)
MPRegen 0.07/turn               (no ring)

@: no status effects
A: no striking features
a: no special abilities


You were on level 1 of the Dungeon.
You visited 1 branch of the dungeon, and saw 1 of its levels.

You collected 20 gold pieces.

Inventory:

Hand Weapons
 a - a +0 rapier (weapon)
Missiles
 d - 5 throwing nets (quivered)
Armour
 b - a +0 leather armour (worn)
 c - a +0 helmet (worn)
Scrolls
 e - a scroll of blinking {unknown}
 g - a scroll of identify {unknown}
Potions
 f - a potion of lignification {unknown}


   Skills:
 + Level 2.0 Fighting
 - Level 2.6 Short Blades
 - Level 1.7 Throwing
 * Level 0.4 Armour
 + Level 2.9 Dodging


You couldn't memorise any spells.
You didn't know any spells.
Your spell library was empty.

Dungeon Overview and Level Annotations

Branches:
Dungeon (1/15)

Altars:


Message History

You puncture the kobold!
You kill the kobold!
Things that are here:
a +0 short sword; 5 stones HP restored.
You now have 6 gold pieces.
e - a scroll labelled BINA SONKOMOPH You now have 20 gold pieces (gained 14).
Found a stone staircase leading down.
A goblin comes into view. It is wielding a +0 club.
You see here 2 throwing nets.
A goblin is nearby!
A goblin is nearby!
You see here 2 throwing nets.
d - 5 throwing nets (gained 2)
The goblin closely misses you.
You closely miss the goblin. The goblin barely misses you.
You closely miss the goblin. The goblin closely misses you.
You barely miss the goblin. The goblin barely misses you.
You closely miss the goblin. The goblin barely misses you.
You hit the goblin.
You kill the goblin!
You see here a +0 club.
f - a coppery potion You see here a +0 club.
There is a stone staircase leading down here.
g - a scroll labelled WULURI KAOSOLOCA A dart slug comes into view.
A dart slug is nearby!
A dart slug is nearby!
The dart slug is engulfed in blazing flames.
The dart slug dies!
Found four items.
A bat and a rat come into view.
Found a scroll labelled WULURI KAOSOLOCA.
Unknown command.
Unknown command.
You are engulfed in blazing flames.
Ouch! That really hurt!
You die...

####...####
§§...?.☼☼
..[??.○ #.#.
...!. #.#.##
#rb.# #.....#
#§○☼# #....#
#○☼°# #....#
#§☼@#
#...#####..^#
#...........#
#....###.####.#
#........# #.#
###########
#....##### #.#
#.........#
#..### #.#
#.........#
#..##########.#
#.........#
#..#..÷....##.#
#.........#


You could see a bat and a rat.

Vanquished Creatures
  A ball python (D:1)
  A goblin (D:1)
  A hobgoblin (D:1)
  A kobold (D:1)
  A rat (D:1)
5 creatures vanquished.

Vanquished Creatures (others)
  A dart slug (D:1)
1 creature vanquished.

Grand Total: 6 creatures vanquished

Notes
Turn   | Place    | Note
-------+----------+-------------------------------------------
     0 | D:1      | ytrimaz the Demonspawn Gladiator began the quest for the
                  | Orb.
     0 | D:1      | Reached XP level 1. HP: 16/16 MP: 1/1
   395 | D:1      | Engulfed by a cloud of flame

Illustrated notes

Levels and vault maps discovered:
D:1:      heliophobic_arrival_battle_scene, layout_basic,
          hellmonk_ecumenical_altar_prayer_group, lemuel_flame_loot_1

Action                   || total
-------------------------++-------
Melee: Rapier            ||    13
Armor: Leather armour    ||     1
Dodge: Dodged            ||    10

Table legend: (Time is in decaauts)
 A = Elapsed time spent in this place.
 B = Non-inter-level travel time spent in this place.
 C = Inter-level travel time spent in this place.
 D = Time resting spent in this place.
 E = Time spent auto-exploring this place.
 F = Levels seen in this place.
 G = Mean time per level.
                   A        B        C        D        E       F      G
               +--------+--------+--------+--------+--------+-----+--------+
         Total |    395 |    395 |      0 |      0 |    342 |   1 |  395.0 |
       Dungeon |    395 |    395 |      0 |      0 |    342 |   1 |  395.0 |
               +--------+--------+--------+--------+--------+-----+--------+

Top non-repeatable levels by time:
     D:1: 395 daAuts
